 Dungeon Crawl Stone Soup version 0.30-a0-292-g0f741e3f8e (webtiles) character file.

Game seed: 9105409551384296987

80 plokij the Trooper (level 4, -8/40 HPs)
             Began as a Minotaur Fighter on Oct 17, 2022.
             Mangled by a gnoll
             ... wielding a +0 halberd
              (13 damage)
             ... on level 2 of the Dungeon.
             The game lasted 00:04:15 (1269 turns).

plokij the Trooper (Minotaur Fighter)               Turns: 1269, Time: 00:04:16

Health: -8/40      AC:  8    Str: 23    XL:     4   Next: 18%
Magic:  0/3        EV:  9    Int:  5    God:
Gold:   129        SH:  4    Dex:  9    Spells: 3/3 levels left

rFire   . . .      SeeInvis .    a - +0 war axe
rCold   . . .      Faith    .    c - +0 buckler
rNeg    . . .      Spirit   +    b - +0 scale mail
rPois   .          Reflect  .    (helmet restricted)
rElec   .          Harm     .    (no cloak)
rCorr   .          Rampage  .    (no gloves)
Will    .....                    g - +0 pair of boots
Stlth   ..........               m - amulet of guardian spirit
HPRegen 0.26/turn                (no ring)
MPRegen 0.08/turn                (no ring)

@: no status effects
A: horns 2, retaliatory headbutt
a: no special abilities


You were on level 2 of the Dungeon.
You visited 1 branch of the dungeon, and saw 2 of its levels.

You collected 129 gold pieces.

Inventory:

Hand Weapons
 a - a +0 war axe (weapon)
Armour
 b - a +0 scale mail (worn)
 c - a +0 buckler (worn)
 g - a +0 pair of boots (worn)
Jewellery
 m - an amulet of guardian spirit (around neck)
Scrolls
 f - 2 scrolls of identify {unknown}
 h - a scroll of teleportation {unknown}
 j - 2 scrolls of enchant armour {unknown}
 k - 2 scrolls of fog {unknown}
 n - a scroll of summoning {unknown}
 o - a scroll of acquirement {unknown}
 p - a scroll of brand weapon {unknown}
Potions
 d - 2 potions of might
 e - 2 potions of curing {unknown}
 i - 2 potions of resistance {unknown}
 l - 2 potions of degeneration {unknown}


   Skills:
 + Level 4.2 Fighting
 * Level 3.8 Axes
 + Level 4.0 Armour
 + Level 1.3 Dodging
 + Level 4.1 Shields


You had 3 spell levels left.
You didn't know any spells.
Your spell library contained the following spells:

 Spells                   Type           Power      Damage    Failure   Level
 Shock                    Conj/Air       0%         1d3       86%         1
 Airstrike                Air            0%         2d(0-16)  100%        4
 Iron Shot                Conj/Erth      0%         9d1       100%        6


Dungeon Overview and Level Annotations

Branches:
Dungeon (2/15)

Altars:


Innate Abilities, Weirdness & Mutations

You have a pair of horns on your head.
You reflexively headbutt those who attack you in melee.


Message History

You slash the gnoll!
You kill the gnoll!
The gnoll misses you.
You have reached level 4!
You feel stronger.
You hit the worm. Your headbutt misses the worm.
The worm is lightly wounded.
The gnoll hits you from afar with a +0 halberd!
The worm bites you! The gnoll closely misses you.
You hit the worm. You headbutt the worm.
The worm is moderately wounded.
The gnoll completely misses you. x2; You block the worm's attack.
You slash the worm! You headbutt the worm.
You kill the worm!
The gnoll misses you.
The gnoll hits you from afar with a +0 spear.
The gnoll hits you but does no damage. The gnoll closely misses you.
You closely miss the gnoll. You headbutt the gnoll.
The gnoll is moderately wounded.
You block the gnoll's attack. The gnoll hits you but does no damage.
The gnoll hits you with a +0 flail.
You closely miss the gnoll.
The gnoll is moderately wounded.
The gnoll hits you but does no damage. You block the gnoll's attack.
The gnoll hits you from afar with a +0 spear.
You hit the gnoll but do no damage. You headbutt the gnoll!
The gnoll is almost dead.
The gnoll hits you but does no damage. The gnoll closely misses you.
The gnoll barely misses you.
The gnoll hits you from afar with a +0 halberd.
* * * LOW HITPOINT WARNING * * *
The gnoll hits you with a +0 flail.
* * * LOW HITPOINT WARNING * * *
The gnoll barely misses you.
You hit the gnoll.
You kill the gnoll!
The gnoll hits you from afar with a +0 spear.
* * * LOW HITPOINT WARNING * * *
The gnoll hits you from afar with a +0 halberd!
You die...

#.#.....# #.##
#.##.#..# #...
#.##.#..# #.####
#....#.... ......
########..###.####
#.#...
..............#
#.##
######⌠.⌠..######
#
...........g.....
.#####.$_@)#####
#........)g...#
......⌠?..⌠......
#
.#.#########.##.#
. # ... . . .#. #
####.. # # ..#...
#.#..#


You could see 2 gnolls.

Vanquished Creatures
  An adder (D:2)
  4 gnolls
  A worm (D:2)
  2 dart slugs
  3 ball pythons
  2 endoplasms (D:1)
  A goblin (D:1)
  6 hobgoblins
  3 jackals (D:2)
  5 bats
  3 frilled lizards
  6 kobolds
  3 rats (D:1)
40 creatures vanquished.

Notes
Turn   | Place    | Note
-------+----------+-------------------------------------------
     0 | D:1      | plokij the Minotaur Fighter began the quest for the Orb.
     0 | D:1      | Reached XP level 1. HP: 19/19 MP: 0/0
   154 | D:1      | Reached XP level 2. HP: 27/27 MP: 1/1
   460 | D:1      | Reached XP level 3. HP: 33/33 MP: 2/2
   468 | D:1      | Reached skill level 1 in Dodging
   485 | D:1      | Got the Atlas of Metal and the Sky
  1252 | D:2      | Found a faded altar of an unknown god.
  1263 | D:2      | Reached XP level 4. HP: 36/40 MP: 1/3
  1269 | D:2      | Mangled by a gnoll

Illustrated notes

Levels and vault maps discovered:
D:1:      grunt_arrival_lava_bath, layout_basic
D:2:      layout_basic, hellmonk_ecumenical_altar_run_dry, minmay_nonomino_d4

Skill      XL: |  1  2  3 |
---------------+----------+-----
Axes           | 3 |  3.8
Dodging        | 1 |  1.3
Fighting       | 4 |  4.2
Shields        | 4 |  4.1
Armour         | 4 |  4.0

Action                   |  1- 3 |  4- 6 || total
-------------------------+-------+-------++-------
Melee: War axe           |    68 |     7 ||    75
       Headbutt          |    12 |     4 ||    16
Armor: Scale mail        |    29 |     4 ||    33
Dodge: Dodged            |    37 |     8 ||    45
Block: Buckler           |    16 |     3 ||    19

Table legend: (Time is in decaauts)
 A = Elapsed time spent in this place.
 B = Non-inter-level travel time spent in this place.
 C = Inter-level travel time spent in this place.
 D = Time resting spent in this place.
 E = Time spent auto-exploring this place.
 F = Levels seen in this place.
 G = Mean time per level.
                   A        B        C        D        E       F      G
               +--------+--------+--------+--------+--------+-----+--------+
         Total |   1297 |   1187 |    110 |      0 |    913 |   2 |  648.5 |
       Dungeon |   1297 |   1187 |    110 |      0 |    913 |   2 |  648.5 |
               +--------+--------+--------+--------+--------+-----+--------+

Top non-repeatable levels by time:
     D:1: 986 daAuts
     D:2: 311 daAuts
